 Dungeon Crawl Stone Soup version 0.30.1-11-g7821555f0a (webtiles) character file.

Game seed: 8785291881039947310

8405 PaiMei the Fighter (level 11, -9/92 HPs)
             Began as a Demonspawn Necromancer on Jan 11, 2024.
             Was a Believer of Kikubaaqudgha.
             Killed from afar by Erica (16 damage)
             ... with a bolt of poison
             ... on level 10 of the Dungeon.
             The game lasted 00:23:41 (17952 turns).

PaiMei the Fighter (Demonspawn Necromancer)        Turns: 17952, Time: 00:23:41

Health: -9/92      AC:  4    Str: 20    XL:     11   Next: 9%
Magic:  22/22      EV: 15    Int: 22    God:    Kikubaaqudgha [**....]
Gold:   594        SH:  0    Dex: 13    Spells: 7/24 levels left

rFire   . . .        r - +2 dagger (drain)
rCold   . . .        (no shield)
rNeg    . . .        a - +0 robe
rPois   .            (no helmet)
rElec   .            m - +0 cloak {rCorr}
rCorr   +            (gloves unavailable)
SInv    .            S - +0 pair of boots
Will    .....        t - amulet of regeneration
Stlth   ++           k - +6 ring of strength
HPRegen 1.15/turn    o - +6 ring of strength
MPRegen 0.18/turn

%: no passive effects
@: mighty, lethally poisoned (-9 -> -14)
A: powered by death 2, spiny 1, sturdy frame 1, demonic touch 3
a: Renounce Religion, Unearth Wretches


You were on level 10 of the Dungeon.
You worshipped Kikubaaqudgha.
Kikubaaqudgha was pleased with you.
You visited 2 branches of the dungeon, and saw 11 of its levels.
You also visited: Sewer.

You collected 594 gold pieces.

Inventory:

Hand Weapons
 r - a +2 dagger of draining (weapon)
 u - a +1 short sword of speed
 B - a +1 short sword of flaming
 M - a +1 whip of electrocution
 T - a +1 dagger of venom
 U - a +1 flail of protection
Missiles
 n - 8 poisoned darts (quivered)
 N - a boomerang of dispersal
 X - 5 throwing nets
Armour
 a - a +0 robe (worn)
 m - a +0 cloak of preservation (worn)
 s - an orb of energy
 F - a +0 buckler
 J - the +1 leather armour of Lilacs {+Inv Stlth+}
   (You found it on level 4 of the Dungeon)

   +Inv:      It lets you turn invisible.
   Stlth:     It makes you more stealthy.
 S - a +0 pair of boots (worn)
 W - a +2 ring mail of willpower
Jewellery
 k - a +6 ring of strength (left hand)
 o - a +6 ring of strength (right hand)
 t - an amulet of regeneration (around neck)
 y - a ring of protection from cold
 O - an amulet of faith
Wands
 e - a wand of roots (8)
 C - a wand of polymorph (5)
 R - a wand of flame (28)
 Y - a wand of mindburst (12)
Scrolls
 c - a scroll of silence {unknown}
 d - 2 scrolls of poison {unknown}
 f - 6 scrolls of noise {unknown}
 g - 2 scrolls of amnesia {unknown}
 h - 3 scrolls of blinking {unknown}
 i - 5 scrolls of fear {unknown}
 j - a scroll of enchant armour {unknown}
 w - 10 scrolls of identify {unknown}
 E - 2 scrolls of brand weapon {unknown}
 G - 2 scrolls of vulnerability {unknown}
 I - 3 scrolls of teleportation {unknown}
 P - a scroll of enchant weapon {unknown}
 Q - 2 scrolls of fog {unknown}
 V - a scroll of magic mapping {unknown}
Potions
 b - 3 potions of magic
 l - a potion of might
 p - 4 potions of attraction {unknown}
 q - 6 potions of curing
 v - a potion of heal wounds {unknown}
 x - 2 potions of haste {unknown}
 z - 2 potions of cancellation {unknown}
 A - a potion of mutation {unknown}
 D - 3 potions of flight {unknown}
 H - 2 potions of brilliance {unknown}
 K - 2 potions of berserk rage {unknown}
 L - 2 potions of degeneration {unknown}
Miscellaneous
 Z - a phial of floods


   Skills:
 * Level 10.8 Fighting
 + Level 7.3 Dodging
 - Level 2.0 Stealth
 + Level 7.3 Spellcasting
 + Level 9.6 Necromancy


You had 7 spell levels left.
You knew the following spells:

 Your Spells              Type           Power      Damage    Failure   Level
a - Necrotise             Necr           100%       1d9       1%          1
b - Vampiric Draining     Necr           50%        2d9       1%          3
c - Animate Dead          Necr           50%        N/A       1%          4
d - Agony                 Necr           50%        N/A       4%          5
e - Dispel Undead         Necr           50%        3d19      1%          4

Your spell library contained the following spells:

 Spells                   Type           Power      Damage    Failure   Level
 Kiss of Death            Conj/Necr      100%       2d13      1%          1
 Cigotuvi's Dreadful Rot  Necr/Pois/Air  44%        N/A       3%          2
 Beastly Appendage        Tmut           16%        N/A       8%          1
 Magic Dart               Conj           32%        1d4       8%          1
 Shock                    Conj/Air       32%        1d5       8%          1
 Summon Small Mammal      Summ           32%        N/A       8%          1
 Call Imp                 Summ           16%        N/A       12%         2
 Ensorcelled Hibernation  Hex/Ice        16%        N/A       12%         2
 Passwall                 Tmut/Erth      6%         N/A       12%         2
 Wereblood                Tmut           8%         N/A       12%         2
 Call Canine Familiar     Summ           8%         N/A       24%         3
 Confusing Touch          Hex            8%         N/A       24%         3
 Mephitic Cloud           Conj/Pois/Air  8%         N/A       24%         3
 Ozocubu's Armour         Ice            8%         N/A       24%         3
 Spider Form              Tmut/Pois      8%         N/A       24%         3
 Summon Guardian Golem    Hex/Summ       8%         N/A       24%         3
 Swiftness                Air            8%         N/A       24%         3
 Airstrike                Air            4%         2d(1-17)  61%         4
 Orb of Destruction       Conj           4%         9d5       100%        7
 Ozocubu's Refrigeration  Ice            4%         4d8       100%        7
 Spellforged Servitor     Conj/Summ      4%         N/A       100%        7


Dungeon Overview and Level Annotations

Branches:
Dungeon (10/15)            Temple (1/1) D:5           Sewer (visited)
   Lair: D:8-11         Orc: D:9-12

Altars:
Ashenzari
Cheibriados
Dithmenos
Fedhas
Gozag
Hepliaklqana
Kikubaaqudgha
Makhleb
Nemelex Xobeh
Okawaru
Qazlal
Ru
Sif Muna
Trog
Uskayaw
Wu Jian
Xom
Yredelemnul

Annotations:
D:10 Erica


Innate Abilities, Weirdness & Mutations

You regenerate health from kills.
You are partially covered in sharp spines.
Your movements are slightly less encumbered by armour. (ER -2)
Your touch may irresistibly damage your foes and sap their willpower.


Message History

You are knocked back by the lance of force.
You slam into the rock wall!
* * * LOW HITPOINT WARNING * * *
Erica says, "I love to fight, but killing is better."
Erica hits you but does no damage.
You feel better.
Erica zaps a wand.
You easily resist.
You feel very mighty all of a sudden.
Erica zaps a wand.
You easily resist.
You hit Erica. You drain Erica.
Erica is moderately wounded.
Erica gestures at you while chanting. The lance of force hits you.
* * * LOW HITPOINT WARNING * * *
You are knocked back by the lance of force.
You slam into the rock wall!
* * * LOW HITPOINT WARNING * * *
Erica zaps a wand.
You easily resist.
You hit Erica.
Erica is heavily wounded.
Erica is struck by your spines. Erica hits you but does no damage.
Casting: Vampiric Draining (safe; 1% risk of failure)
Confirm with . or Enter, or press ? or * to list all spells.
Aiming: Vampiric Draining (safe; 1% risk of failure)
Press: ? - help, Shift-Dir - straight line, f - Erica
Aim: Erica, wielding a +1 scimitar of flaming, wearing a +0 robe of willpower and carrying a wand of polymorph (3) (heavily wounded, lightly drained)
You draw life force from Erica.
You feel life coursing into your body. Erica is struck by your spines.
Erica hits you with a +1 scimitar of flaming.
* * * LOW HITPOINT WARNING * * *
Erica burns you.
* * * LOW HITPOINT WARNING * * *
Casting: Vampiric Draining (safe; 1% risk of failure)
Confirm with . or Enter, or press ? or * to list all spells.
You don't have enough magic to cast this spell.
Magic courses through your body. Erica gestures at you while chanting.
The bolt of poison hits you!
You are poisoned.
You die...
Kikubaaqudgha rasps: "You have failed me!
Welcome... death!"

#......#..####.....#
#......##....'.....#
#......#######.....#
#......# #.....+
#......# #.....#
#......# #.....#
###.#### #..[..#
#...# ##)####
#####'### #.@@.#
........# ####.#
........# #'#
........# ...
........# ....#
........# Y....#
......[.# ....Y.#
.......>+ #..Y...#
<.......# #......+


You could see Erica (drained).

Vanquished Creatures
  Harold (D:10)
  Sigmund (D:6)
  25 yaks
  A wraith (D:10)
  3 orc warriors
  2 ice beasts
  3 centaurs
  3 ogres
  A kobold brigand (Sewer)
  A phantom (D:7)
  7 bullfrogs
  5 scorpions
  13 killer bees
  3 howler monkeys
  7 orc priests
  2 jellies
  4 hounds
  Crazy Yiuf (D:2)
  3 gnoll boudas
  2 iguanas
  9 orc wizards
  26 gnolls
  6 adders
  2 river rats (Sewer)
  A shadow imp (D:5)
  4 white imps
  2 ufetubi
  A worm (D:2)
  A dart slug (D:3)
  29 orcs
  13 ball pythons
  6 bats
  6 endoplasms
  6 giant cockroaches
  4 goblins
  6 hobgoblins
  4 jackals (D:4)
  7 quokkas
  3 frilled lizards
  15 kobolds
  19 rats
258 creatures vanquished.

Vanquished Creatures (collateral kills)
  A gnoll sergeant (D:9)
  A hobgoblin (D:1)
  A quokka (D:3)
  2 ball pythons (Sewer)
  A frilled lizard (Sewer)
  7 rats (Sewer)
13 creatures vanquished.

Grand Total: 271 creatures vanquished

Notes
Turn   | Place    | Note
-------+----------+-------------------------------------------
     0 | D:1      | PaiMei the Demonspawn Necromancer began the quest for the
                  | Orb.
     0 | D:1      | Reached XP level 1. HP: 13/13 MP: 3/3
   234 | D:1      | Gained mutation: Your touch may inflict minor irresistible
                  | damage on your foes. [demonic ancestry]
   234 | D:1      | Reached XP level 2. HP: 12/19 MP: 0/5
   936 | D:2      | Gained mutation: Your touch may inflict irresistible damage
                  | on your foes. [demonic ancestry]
   936 | D:2      | Reached XP level 3. HP: 25/25 MP: 4/6
  1084 | D:2      | Reached skill level 1 in Fighting
  1245 | D:2      | Found a faded altar of an unknown god.
  1277 | D:2      | Found a runed translucent door.
  1278 | D:2      | Noticed Crazy Yiuf
  1703 | D:2      | Learned a level 3 spell: Vampiric Draining
  2373 | D:3      | Reached XP level 4. HP: 33/33 MP: 2/7
  2390 | D:3      | Found a glowing drain.
  2456 | Sewer    | Entered a sewer
  2492 | Sewer    | Noticed a kobold brigand
  2706 | Sewer    | Killed a kobold brigand
  2707 | Sewer    | Reached skill level 2 in Fighting
  2707 | Sewer    | Reached skill level 5 in Necromancy
  2707 | Sewer    | Reached XP level 5. HP: 34/39 MP: 0/9
  4338 | D:3      | Reached skill level 3 in Fighting
  4480 | D:3      | Found a burning altar of Makhleb.
  4584 | D:3      | Gained mutation: You regenerate a little health from kills.
                  | [demonic ancestry]
  4584 | D:3      | Reached XP level 6. HP: 40/47 MP: 8/10
  5366 | D:3      | Learned a level 4 spell: Animate Dead
  5866 | D:4      | Identified the +1 leather armour of Lilacs {+Inv Stlth+}
  5881 | D:4      | Reached skill level 4 in Fighting
  6197 | D:4      | Gained mutation: Your movements are slightly less
                  | encumbered by armour. (ER -2) [demonic ancestry]
  6197 | D:4      | Reached XP level 7. HP: 51/54 MP: 5/12
  7291 | D:5      | Entered Level 5 of the Dungeon
  7659 | D:5      | Reached skill level 5 in Fighting
  8494 | D:5      | Gained mutation: You are partially covered in sharp spines.
                  | [demonic ancestry]
  8494 | D:5      | Reached XP level 8. HP: 53/63 MP: 5/14
  8658 | D:5      | Found a hide-covered altar of Uskayaw.
  8750 | D:5      | Found a staircase to the Ecumenical Temple.
  9495 | D:6      | Reached skill level 6 in Fighting
 10151 | D:6      | Noticed Sigmund
 10195 | D:6      | Killed Sigmund
 10196 | D:6      | Reached skill level 7 in Fighting
 10196 | D:6      | Reached skill level 5 in Dodging
 10196 | D:6      | Reached skill level 5 in Spellcasting
 10800 | D:6      | Gained mutation: You regenerate health from kills. [demonic
                  | ancestry]
 10800 | D:6      | Reached XP level 9. HP: 72/72 MP: 6/16
 11208 | D:2      | Killed Crazy Yiuf
 11675 | D:7      | Identified the +2 short sword "Solettidd" {distort, rC+
                  | Will+ Stlth+}
 11702 | D:7      | Found a shimmering altar of Xom.
 11704 | D:7      | Found a snail-covered altar of Cheibriados.
 11704 | D:7      | Found a shimmering altar of Xom.
 11706 | D:7      | Found an ancient bone altar of Kikubaaqudgha.
 11706 | D:7      | Found a burning altar of Makhleb.
 11706 | D:7      | Found an ancient bone altar of Kikubaaqudgha.
 12039 | Temple   | Entered the Ecumenical Temple
 12070 | Temple   | Learned a level 4 spell: Dispel Undead
 12076 | Temple   | Learned a level 5 spell: Agony
 12109 | Temple   | Became a worshipper of Kikubaaqudgha
 12561 | D:7      | Found a basalt altar of Yredelemnul.
 12561 | D:7      | Found an opulent altar of Gozag.
 12861 | D:7      | Found a stormy altar of Qazlal.
 12861 | D:7      | Found a sacrificial altar of Ru.
 12869 | D:7      | Found a bloodstained altar of Trog.
 12871 | D:7      | Found a faded altar of an unknown god.
 12873 | D:7      | Found an iron altar of Okawaru.
 13134 | D:8      | Reached skill level 8 in Fighting
 14667 | D:8      | Reached skill level 9 in Fighting
 14992 | D:8      | Reached XP level 10. HP: 49/83 MP: 10/19
 15431 | D:8      | Identified the +11 hand axe "Weremat" {holy, rPois rF+
                  | Str+2 Int+3 Dex+4}
 15862 | D:9      | Reached * piety under Kikubaaqudgha
 15862 | D:9      | Received a gift from Kikubaaqudgha
 16889 | D:9      | Reached skill level 10 in Fighting
 17277 | D:10     | Entered Level 10 of the Dungeon
 17673 | D:10     | Noticed Harold
 17683 | D:10     | Killed Harold
 17918 | D:10     | Gained mutation: Your touch may irresistibly damage your
                  | foes and sap their willpower. [demonic ancestry]
 17918 | D:10     | Reached XP level 11. HP: 90/92 MP: 13/21
 17924 | D:10     | Reached ** piety under Kikubaaqudgha
 17935 | D:10     | Noticed Erica
 17952 | D:10     | Killed from afar by Erica

Illustrated notes

Levels and vault maps discovered:
D:1:      roderic_chinese_lattice_arrival, layout_basic
D:2:      layout_basic, hellmonk_ecumenical_altar_leap_of_faith, minivault_27,
          hangedman_decor_growths, uniq_crazy_yiuf_cottage
D:3:      wander_river, layout_basic, mainiacjoe_overflow_chevrons,
          portal_sewer_entry_f
D:4:      layout_layer_cave, hex_tiny, columned_hall_lemuel
D:5:      layout_loops_ring, pf_just_have_faith,
          minmay_temple_entry_glassed_door
D:6:      nicolae_cairo_tiling, layout_basic, general_overflow_altar,
          kennysheep_generic_room_11, uniq_sigmund
D:7:      layout_loops_ring, doesnt_xom_only_xom,
          chequers_temple_overflow_minitemple,
          mainiacjoe_overflow_large_starburst
D:8:      layout_cave_pods, enter_bailey_2, kb_lookout_dungeons_type
D:9:      layout_rooms, grunt_ministairs_14
D:10:     layout_roguey, kennysheep_mini, uniq_josephine, uniq_erica,
          uniq_maurice, uniq_harold
Temple:   nicolae_temple_ecumenical_triangle

Skill      XL: |  1  2  3  4  5  6  7  8  9 10 |
---------------+-------------------------------+-----
Stealth        | 2 |  2.0
Dodging        | 2 3 4 5 6 7 |  7.3
Fighting       | 1 2 3 4 5 7 9 10 | 10.8
Necromancy     | 5 6 7 8 9 |  9.6
Spellcasting   | 3 4 5 6 7 |  7.3

Action                     |  1- 3 |  4- 6 |  7- 9 | 10-12 || total
---------------------------+-------+-------+-------+-------++-------
  Melee: Dagger            |    14 |    41 |   100 |   134 ||   289
         Touch             |     3 |     7 |    20 |    27 ||    57
         Punch             |       |       |     2 |     2 ||     4
         Short sword       |       |       |     2 |       ||     2
   Cast: Necrotise         |    73 |   106 |   107 |    17 ||   303
         Vampiric Draining |       |     4 |    88 |    64 ||   156
         Dispel Undead     |       |       |       |     3 ||     3
         Agony             |       |       |       |     2 ||     2
    Use: Potion            |       |       |       |     3 ||     3
 Armour: Robe              |     3 |    14 |    19 |    24 ||    60
  Dodge: Dodged            |     4 |    60 |   158 |   129 ||   351
